 Dungeon Crawl Stone Soup version 0.30-a0-779-g7971cf19c3 (webtiles) character file.

Game seed: 18213283476519825402

196 themarg the Firebug (level 5, -5/38 HPs)
             Began as a Demonspawn Fire Elementalist on Feb 17, 2023.
             Blown up by Ijyb (12 damage)
             ... with a mindburst bolt
             ... on level 4 of the Dungeon.
             The game lasted 00:08:21 (4222 turns).

themarg the Firebug (Demonspawn Fire Elementalist)  Turns: 4222, Time: 00:08:22

Health: -5/38      AC:  6    Str:  8    XL:     5   Next: 46%
Magic:  0/8        EV: 12    Int: 19    God:
Gold:   176        SH:  0    Dex: 13    Spells: 6/9 levels left

rFire   . . .      SeeInvis .    g - +0 dagger
rCold   . . .      Faith    .    (no shield)
rNeg    . . .      Spirit   .    a - +0 robe
rPois   .          Reflect  .    (no helmet)
rElec   .          Harm     .    (no cloak)
rCorr   .          Rampage  .    (no gloves)
Will    +....                    (no boots)
Stlth   ++                       (no amulet)
HPRegen 0.26/turn                x - +4 ring of protection
MPRegen 0.11/turn                A - ring of willpower

@: no status effects
A: hooves 1, powered by death 1
a: no special abilities


You were on level 4 of the Dungeon.
You visited 1 branch of the dungeon, and saw 4 of its levels.

You collected 206 gold pieces.
You spent 30 gold pieces at shops.

Inventory:

Hand Weapons
 g - a +0 dagger (weapon)
Missiles
 c - 50 stones
 o - 2 poisoned darts
 q - 4 boomerangs of dispersal
 r - 2 curare-tipped darts
Armour
 a - a +0 robe (worn)
 n - a +0 buckler
 u - a +0 pair of boots
 B - a +2 helmet
Magical Staves
 v - a staff of conjuration
Jewellery
 d - an amulet of magic regeneration
 x - a +4 ring of protection (left hand)
 y - a +6 ring of dexterity
 A - a ring of willpower (right hand)
Scrolls
 h - a scroll of blinking {unknown}
 j - 2 scrolls of teleportation
 l - 2 scrolls of summoning {unknown}
 m - a scroll of enchant armour {unknown}
 s - a scroll of amnesia {unknown}
 w - a scroll of noise {unknown}
Potions
 b - a potion of heal wounds {unknown}
 e - 2 potions of haste
 f - a potion of berserk rage
 i - a potion of flight {unknown}
 k - a potion of lignification {unknown}
 t - a potion of degeneration {unknown}
 z - a potion of might {unknown}


   Skills:
 + Level 1.9 Fighting
 - Level 1.7 Dodging
 - Level 2.0 Stealth
 - Level 2.5 Spellcasting
 - Level 1.0 Conjurations
 - Level 5.0 Fire Magic


You had 6 spell levels left.
You knew the following spells:

 Your Spells              Type           Power      Damage    Failure   Level
a - Foxfire               Conj/Fire      52%        2x1d6     4%          1
b - Scorch                Fire           42%        2d7       3%          2

Your spell library contained the following spells:

 Spells                   Type           Power      Damage    Failure   Level
 Inner Flame              Hex/Fire       11%        N/A       17%         3
 Cigotuvi's Dreadful Rot  Necr/Pois/Air  4%         N/A       24%         2
 Kindle Blastsparks       Fire/Tloc/Air  16%        2d11      24%         3
 Flame Wave               Conj/Fire      13%        2d6       43%         4
 Dispel Undead            Necr           2%         3d7       85%         4
 Death Channel            Necr           1%         N/A       100%        6


Dungeon Overview and Level Annotations

Branches:
Dungeon (4/15)
 Temple: D:4-7

Altars:

Shops:
D:2 *   D:3 (=(   D:4 *

Annotations:
D:4 Ijyb


Innate Abilities, Weirdness & Mutations

You have large cloven feet.
You regenerate a little health from kills.


Message History

You now have 169 gold pieces (gained 9).
Ijyb the Twisted Goblin comes into view.
She is wielding a +0 club and carrying a wand of mindburst (8).
You see here 7 gold pieces.
You now have 176 gold pieces (gained 7).
Ijyb shouts!
Ijyb zaps a wand.
You resist with some effort.
There is a stone staircase leading up here.
You start waiting.
Ijyb is nearby!
You conjure some foxfire!
You conjure some foxfire!
The foxfire hits Ijyb but does no damage. x2
Flames lash Ijyb.
Ijyb is lightly wounded.
Ijyb's fire resistance burns away.
The foxfire hits Ijyb.
Ijyb is burned terribly!
Ijyb is moderately wounded.
The foxfire hits Ijyb but does no damage.
Ijyb is moderately wounded.
Flames lash Ijyb.
Ijyb is burned terribly!
Ijyb is heavily wounded.
Flames lash Ijyb.
Ijyb is burned terribly!
Ijyb is severely wounded.
Ijyb zaps a wand.
Your mind is blasted!
You closely miss Ijyb. Your kick misses Ijyb.
Ijyb is severely wounded.
Ijyb barely misses you.
You hit Ijyb but do no damage.
Ijyb is severely wounded.
Ijyb hits you with a +0 club.
You hit Ijyb. You kick Ijyb, but do no damage.
Ijyb is almost dead.
Ijyb zaps a wand.
Your mind is blasted!
Ouch! That really hurt!
* * * LOW HITPOINT WARNING * * *
You hit Ijyb.
Ijyb is almost dead.
Ijyb zaps a wand.
You resist with some effort.
You conjure some foxfire!
Ijyb zaps a wand.
Your mind is blasted!
You die...

#.# #... ... ....
#.# ##... .# #...
#.# #.... # #...
#.#######.# #..#
##......... #..
#........# #.#
#.#...##.# #.#
##.#...##.# #.#
#..@g.....# #g#
#.vv......# #.#
#.........# ##.##
##.#...#..# ##...#
#.#...#..# #.##.#
#........#######...
####.##........g.∩.
#.###########...
#.# ##.#


You could see Ijyb (combustible, ally target).

Vanquished Creatures
  A scorpion (D:2)
  A jelly (D:3)
  4 adders
  A dart slug (D:2)
  An orc (D:3)
  3 bats
  8 endoplasms
  5 giant cockroaches
  3 goblins
  3 hobgoblins
  4 jackals (D:3)
  7 kobolds
  2 quokkas (D:1)
  4 ball pythons
  6 frilled lizards
  A rat (D:2)
54 creatures vanquished.

Vanquished Creatures (others)
  65 foxfires
65 creatures vanquished.

Grand Total: 119 creatures vanquished

Notes
Turn   | Place    | Note
-------+----------+-------------------------------------------
     0 | D:1      | themarg the Demonspawn Fire Elementalist began the quest
                  | for the Orb.
     0 | D:1      | Reached XP level 1. HP: 13/13 MP: 3/3
   386 | D:1      | Gained mutation: You have large cloven feet. [demonic
                  | ancestry]
   386 | D:1      | Reached XP level 2. HP: 19/19 MP: 0/5
   532 | D:1      | Learned a level 2 spell: Scorch
   629 | D:1      | Reached skill level 3 in Fire Magic
  1248 | D:1      | Found a faded altar of an unknown god.
  1329 | D:2      | Found Xusat's General Store.
  1356 | D:2      | Bought a potion of curing for 30 gold pieces
  1530 | D:2      | Reached XP level 3. HP: 24/24 MP: 2/6
  2433 | D:3      | Found Tous's Antique Weapon Shoppe.
  2704 | D:3      | Reached skill level 4 in Fire Magic
  2856 | D:3      | Found Naot's Antique Weapon Shop.
  2860 | D:3      | Reached XP level 4. HP: 30/30 MP: 0/7
  3034 | D:3      | Noticed a scorpion
  3073 | D:2      | Killed a scorpion
  3142 | D:3      | Reached skill level 5 in Fire Magic
  3142 | D:3      | Reached skill level 1 in Fighting
  3142 | D:3      | Gained mutation: You regenerate a little health from kills.
                  | [demonic ancestry]
  3142 | D:3      | Reached XP level 5. HP: 37/37 MP: 3/8
  3195 | D:3      | Found Hurueho's Jewellery Shop.
  4151 | D:4      | Found Wagoifeq's Gadget Gallery.
  4187 | D:4      | Noticed Ijyb
  4222 | D:4      | Blown up by Ijyb

Illustrated notes

Levels and vault maps discovered:
D:1:      dpeg_arrival_solitude, layout_loops_corners,
          dreamdust_ecumenical_altar_hidden_monk_grotto,
          minmay_misc_feat_nine_boxes, minmay_tree_intersection
D:2:      cheibrodos_helix_gallery, layout_rooms, serial_shops, shop
D:3:      layout_loops_corners, serial_shops, nicolae_shop_statue_plus, shop,
          nicolae_shop_trees
D:4:      layout_loops_corners, tgw_kikubaaqudgha, nicolae_shop_gadgets,
          uniq_natasha, uniq_ijyb

Skill      XL: |  1  2  3  4 |
---------------+-------------+-----
Stealth        | 2 |  2.0
Fire Magic     | 3 4 5 |  5.0
Fighting       | 1 |  1.9
Dodging        | |  1.7
Spellcasting   | |  2.5
Conjurations   | |  1.0

Action                     |  1- 3 |  4- 6 || total
---------------------------+-------+-------++-------
  Melee: Unarmed           |     3 |       ||     3
         Kick              |     3 |     1 ||     4
         Dagger            |    11 |     8 ||    19
   Cast: Foxfire           |    34 |     9 ||    43
         Scorch            |    29 |    21 ||    50
    Use: Potion            |       |     3 ||     3
         Scroll            |       |     3 ||     3
 Armour: Robe              |     8 |     8 ||    16
  Dodge: Dodged            |    24 |    12 ||    36

Table legend: (Time is in decaauts)
 A = Elapsed time spent in this place.
 B = Non-inter-level travel time spent in this place.
 C = Inter-level travel time spent in this place.
 D = Time resting spent in this place.
 E = Time spent auto-exploring this place.
 F = Levels seen in this place.
 G = Mean time per level.
                   A        B        C        D        E       F      G
               +--------+--------+--------+--------+--------+-----+--------+
         Total |   4221 |   4070 |    151 |    394 |   3226 |   4 | 1055.2 |
       Dungeon |   4221 |   4070 |    151 |    394 |   3226 |   4 | 1055.2 |
               +--------+--------+--------+--------+--------+-----+--------+

Top non-repeatable levels by time:
     D:3: 1466 daAuts
     D:1: 1381 daAuts
     D:2: 838 daAuts
     D:4: 534 daAuts
